 Dungeon Crawl Stone Soup version 0.16.2-12-gd0ad4c3 (webtiles) character file.

2668 BarneyGumball the Grappler (level 9, 0/74 HPs)
             Began as a Troll Earth Elementalist on Sept 29, 2015.
             Was a Follower of Cheibriados.
             Shot with an arrow of frost by a centaur (2 damage)
             ... on level 8 of the Dungeon.
             The game lasted 00:38:04 (7197 turns).

BarneyGumball the Grappler (TrEE)                   Turns: 7197, Time: 00:38:07

Health: 0/74       AC:  5    Str: 22    XL:     9   Next: 37%
Magic:  9/9        EV: 12    Int: 12    God:    Cheibriados [*.....]
Gold:   444        SH:  0    Dex: 15    Spells: 2 memorised, 7 levels left

rFire  . . .     SeeInvis .       - Unarmed
rCold  . . .     Clarity  +     c - +0 robe
rNeg   + + .     SustAb   .     (shield restricted)
rPois  .         Gourm    +     (helmet restricted)
rElec  .         Spirit   .     (no cloak)
rCorr  .         Warding  +     (gloves unavailable)
rMut   .         Stasis   .     (boots unavailable)
MR     +....                    e - amulet of warding
Stlth  ++........               (no ring)
                                A - ring of positive energy

@: lethally poisoned (0 -> 0), very slow, somewhat resistant to hostile
enchantments, unstealthy
A: unfitting armour, claws 3, clarity, dopey 1, fast metabolism 3, gourmand,
magic resistance 1, regeneration 2, shaggy fur 1, tough skin 2
a: Bend Time, Renounce Religion


You were on level 8 of the Dungeon.
You worshipped Cheibriados.
Cheibriados was aware of your devotion.
You were completely stuffed.

You visited 2 branches of the dungeon, and saw 9 of its levels.

You collected 444 gold pieces.

Inventory:

Missiles
 b - 486 stones (quivered)
Armour
 c - a +0 robe (worn)
Jewellery
 e - an amulet of warding (around neck)
 A - a ring of positive energy (left claw)
Magical devices
 l - a wand of magic darts (14)
 r - a wand of slowing (32)
 u - a wand of confusion (16)
 y - a wand of invisibility (3)
 F - a wand of slowing (34)
 K - a wand of invisibility (1)
 L - a wand of digging (11)
 O - a wand of cold (8)
 R - a wand of heal wounds (6)
 U - a wand of disintegration (12)
Scrolls
 h - 2 scrolls of teleportation
 i - a scroll of immolation {unknown}
 j - 2 scrolls of enchant armour {unknown}
 m - 2 scrolls of magic mapping
 o - a scroll of random uselessness {unknown}
 q - 2 scrolls of recharging {unknown}
 v - 3 scrolls of identify
 x - 2 scrolls of noise {unknown}
 B - a scroll of amnesia {unknown}
 C - a scroll of fog {unknown}
 D - 5 scrolls of remove curse {unknown}
 H - 3 scrolls of enchant weapon {unknown}
 M - a scroll of fear {unknown}
 P - 2 scrolls of summoning {unknown}
Potions
 f - 2 potions of curing {unknown}
 k - a potion of magic {unknown}
 p - 2 potions of brilliance
 s - a potion of restore abilities {unknown}
 t - 2 potions of berserk rage {unknown}
 z - 4 potions of agility
 E - a potion of might {unknown}
 I - a potion of mutation
 N - a potion of cancellation {unknown}
 S - a potion of poison
Books
 d - a book of Geomancy

   Spells                             Type                      Level
   a - Sandblast                      Earth                        1
   b - Stoneskin                      Transmutation/Earth          2
   c - Passwall                       Transmutation/Earth          3
   d - Stone Arrow                    Conjuration/Earth            3
   e - Petrify                        Transmutation/Earth          4
   f - Lee's Rapid Deconstruction     Earth                        5
 G - a book of Battle

   Spells                             Type                      Level
   a - Infusion                       Charms                       1
   b - Shroud of Golubria             Charms/Translocation         2
   c - Song of Slaying                Charms                       2
   d - Spectral Weapon                Hexes/Charms                 3
   e - Regeneration                   Charms/Necromancy            3
Comestibles
 a - 2 meat rations
 g - a royal jelly
 n - 4 bread rations
 w - 13 fruits
 J - a chunk of flesh
 Q - a beef jerky


   Skills:
 + Level 4.2 Dodging
 - Level 1.1 Stealth
 - Level 9.9 Unarmed Combat
 - Level 1.2 Spellcasting
 - Level 0.6 Transmutations
 + Level 5.3 Earth Magic
 * Level 3.4 Invocations


You had 7 spell levels left.
You knew the following spells:

 Your Spells              Type           Power        Failure   Level  Hunger
a - Sandblast             Erth           ##....       3%          1    ##.....
b - Stoneskin             Trmt/Erth      #.......     14%         2    ###....


Dungeon Overview and Level Annotations

Branches:
Dungeon (8/15)             Temple (1/1) D:7
   Lair: D:8-11

Altars:
Ashenzari
Cheibriados
Dithmenos
Elyvilon
Fedhas
Gozag
Kikubaaqudgha
Makhleb
Nemelex Xobeh
Okawaru
Qazlal
Sif Muna
Trog
Vehumet
Xom
Yredelemnul
Zin
The Shining One

Shops:
D:4 *   D:6 (


Innate Abilities, Weirdness & Mutations

You are too large for most types of armour.
You have claws for hands.
Your metabolism is lightning-fast.
You like to eat raw meat.
You heal very quickly.
You are covered in fur (AC +1).
You have very tough skin (AC +2).
You possess an exceptional clarity of mind.
You are dopey. (Int -2)
You are resistant to hostile enchantments.


Message History

Drink which item? (? for menu, Esc to quit)
It was a potion of mutation.
You feel extremely strange.
Your thoughts seem clearer.
You feel resistant to hostile enchantments.
You feel stupid.
The centaur shoots an arrow of frost.
The arrow of frost hits you.
* * * LOW HITPOINT WARNING * * *
The arrow of frost freezes you.
* * * LOW HITPOINT WARNING * * *
The centaur shoots an arrow of frost.
The arrow of frost barely misses you.
Read which item? (? for menu, Esc to quit)
Okay, then.
Drink which item? (? for menu, Esc to quit)
It was a potion of poison.
That liquid tasted very nasty...
You are poisoned.
You feel sick.
The centaur shoots an arrow of frost.
The arrow of frost hits you.
* * * LOW HITPOINT WARNING * * *
The arrow of frost freezes you.
You die...

........###.................#
......).##..#...............# #
.......##..####.............## #
.......#...# #...............####
#.....#....###.................##
....###.....##.........(.........
............###....(.............
..######...c.##........).....†...
.## #.......###@.............[..
## #........###...........##.<. #
#.........##(........####..# ##
#......(#((†......######..## .#
#........#c.c......).)....# .#
#.........................# .#
#...........############...# ..#
#.......)...# ##..# ..#
..........## ##..


You could see a centaur.

Vanquished Creatures
  A hippogriff (D:8)
  Eustachio (D:7)
  Edmund (D:7)
  A water moccasin (D:6)
  An orc warrior (D:6)
  A phantom (D:5)
  An ice beast (D:6)
  4 centaurs
  3 giant frogs
  2 scorpions
  4 killer bees (D:8)
  2 crimson imps (D:6)
  A goliath beetle (D:6)
  A hound (D:8)
  6 orc priests
  A giant frog skeleton (D:6)
  A gnoll shaman (D:4)
  3 orc wizards
  2 iguanas
  9 worker ants
  2 killer bee zombies
  A mummy (D:8)
  A worker ant zombie (D:5)
  Robin (D:2)
  4 adders
  15 gnolls
  A giant mite (D:8)
  3 shadow imps
  3 worms
  2 adder skeletons (D:4)
  2 adder zombies
  4 giant geckos
  33 orcs
  8 giant cockroaches
  17 hobgoblins
  3 jackals (D:3)
  5 quokkas
  A ball python (D:3)
  14 bats
  A giant gecko skeleton (D:7)
  5 giant newts
  21 goblins
  15 kobolds
  25 rats
  2 bushes (D:1)
235 creatures vanquished.

Vanquished Creatures (others)
  A bat (D:8)
1 creature vanquished.

Grand Total: 236 creatures vanquished

Notes
Turn   | Place    | Note
--------------------------------------------------------------
     0 | D:1      | BarneyGumball, the Troll Earth Elementalist, began the quest for the Orb.
     0 | D:1      | Reached XP level 1. HP: 16/16 MP: 2/2
    72 | D:1      | Reached skill level 1 in Unarmed Combat
   171 | D:1      | Reached XP level 2. HP: 16/24 MP: 2/2
  1009 | D:2      | Noticed Robin
  1020 | D:2      | Reached XP level 3. HP: 25/31 MP: 3/3
  1023 | D:2      | Killed Robin
  1023 | D:2      | Reached skill level 3 in Unarmed Combat
  1177 | D:2      | Reached XP level 4. HP: 35/39 MP: 4/4
  1235 | D:2      | Reached skill level 4 in Unarmed Combat
  1412 | D:2      | Reached XP level 5. HP: 41/45 MP: 4/4
  1703 | D:3      | Reached skill level 5 in Unarmed Combat
  1917 | D:3      | Found a basalt altar of Yredelemnul.
  1940 | D:3      | Found an ancient bone altar of Kikubaaqudgha.
  2103 | D:3      | Reached XP level 6. HP: 32/53 MP: 5/5
  2114 | D:3      | Reached skill level 6 in Unarmed Combat
  2317 | D:3      | Learned a level 2 spell: Stoneskin
  2387 | D:3      | Found a glowing silver altar of Zin.
  2715 | D:4      | Found Weucun's General Store.
  2817 | D:4      | Found an iron altar of Okawaru.
  2839 | D:4      | Reached skill level 7 in Unarmed Combat
  3091 | D:4      | Reached XP level 7. HP: 51/59 MP: 5/5
  3714 | D:4      | Found a deep blue altar of Sif Muna.
  3790 | D:5      | Entered Level 5 of the Dungeon
  3800 | D:5      | Reached skill level 8 in Unarmed Combat
  4393 | D:5      | Found a white marble altar of Elyvilon.
  4423 | D:6      | Found Mapsorir's Weapon Shoppe.
  4436 | D:6      | Reached XP level 8. HP: 59/67 MP: 6/6
  4483 | D:6      | Found a stormy altar of Qazlal.
  4538 | D:6      | Reached skill level 9 in Unarmed Combat
  5271 | D:6      | Found an opulent altar of Gozag.
  5821 | D:7      | Noticed Eustachio
  5844 | D:7      | Killed Eustachio
  5866 | D:7      | Found a staircase to the Ecumenical Temple.
  5905 | Temple   | Entered the Ecumenical Temple
  6031 | Temple   | Became a worshipper of Cheibriados the Contemplative
  6377 | D:7      | Noticed Edmund
  6386 | D:7      | Killed Edmund
  6386 | D:7      | Reached skill level 1 in Invocations
  6386 | D:7      | Reached XP level 9. HP: 47/74 MP: 7/7
  6669 | D:8      | Reached skill level 5 in Earth Magic
  6990 | D:8      | Acquired Cheibriados' first power
  7194 | D:8      | Gained mutation: You possess an exceptional clarity of mind. [potion of mutation]
  7194 | D:8      | Gained mutation: You are resistant to hostile enchantments. [potion of mutation]
  7194 | D:8      | Gained mutation: You are dopey. (Int -2) [potion of mutation]
  7197 | D:8      | HP: 2/74 [centaur/arrow of frost (3)]
  7197 | D:8      | Shot with an arrow of frost by a centaur

Action                   |  1- 3 |  4- 6 |  7- 9 || total
-------------------------+-------+-------+-------++-------
Melee: Unarmed           |   215 |   292 |   376 ||   883
  Use: Scroll            |       |     3 |       ||     3
       Potion            |       |       |     2 ||     2
 Stab: Sleeping          |     2 |       |     1 ||     3
  Eat: Chunk             |    17 |    17 |    37 ||    71
